 Dungeon Crawl Stone Soup version 0.27-a0-448-gace5c5693b (webtiles) character file.

Game seed: 17093602365774127004

982 HoaS the Grappler (level 8, -5/62 HPs)
             Began as a Ghoul Gladiator on Feb 27, 2021.
             Killed from afar by Maggie (10 damage)
             ... with a bolt of fire
             ... on level 6 of the Dungeon.
             The game lasted 00:08:46 (4760 turns).

HoaS the Grappler (Ghoul Gladiator)                 Turns: 4760, Time: 00:08:47

Health: -5/62      AC: 14    Str: 19    XL:     8   Next: 17%
Magic:  7/7        EV:  6    Int:  3    God:
Gold:   231        SH:  0    Dex: 11    Spells: 7/7 levels left

rFire    . . .     SeeInvis .     - Unarmed
rCold    + . .     Faith    .   (no shield)
rNeg     + + +     Spirit   .   o - +0 plate armour
rPois    ∞         Reflect  .   b - +1 helmet
rElec    .         Harm     .   a - +0 cloak
rCorr    .         Rampage  .   (no gloves)
Will     .....                  n - +0 pair of boots
Stlth    ..........             e - amulet of regeneration
HPRegen  0.00/turn              (no ring)
MPRegen  0.10/turn              (no ring)

@: mesmerised
A: claws 1, cold resistance 1, negative energy resistance 3, inhibited
regeneration, torment resistance, unbreathing
a: no special abilities


You were on level 6 of the Dungeon.
You visited 2 branches of the dungeon, and saw 7 of its levels.
You also visited: Sewer.

You collected 231 gold pieces.

Inventory:

Missiles
 c - a throwing net (quivered)
 d - 85 arrows
Armour
 a - a +0 cloak (worn)
 b - a +1 helmet (worn)
 n - a +0 pair of boots (worn)
 o - a +0 plate armour (worn)
Jewellery
 e - an amulet of regeneration (around neck)
Scrolls
 h - 4 scrolls of fear
 l - 2 scrolls of teleportation
Potions
 f - 2 potions of curing
 g - 2 potions of flight {unknown}
 j - 2 potions of mutation {unknown}
 k - a potion of cancellation {unknown}
 m - a potion of heal wounds {unknown}
 p - 2 potions of brilliance {unknown}
 r - 2 potions of berserk rage {unknown}


   Skills:
 + Level 2.6 Fighting
 + Level 0.9 Bows
 - Level 1.7 Throwing
 + Level 1.0 Armour
 + Level 3.0 Dodging
 + Level 10.1 Unarmed Combat


You had 7 spell levels left.
You didn't know any spells.
Your spell library contained the following spells:

 Spells                   Type           Power        Failure   Level
 Freeze                   Ice            0%           100%        1
 Magic Dart               Conj           0%           100%        1
 Blink                    Tloc           N/A          100%        2
 Call Imp                 Summ           0%           100%        2
 Slow                     Hex            0%           100%        2
 Conjure Flame            Conj/Fire      0%           100%        3
 Frozen Ramparts          Ice            0%           100%        3
 Mephitic Cloud           Conj/Pois/Air  0%           100%        3
 Ozocubu's Armour         Ice            0%           100%        3
 Hailstorm                Conj/Ice       0%           100%        4
 Summon Ice Beast         Ice/Summ       0%           100%        4


Dungeon Overview and Level Annotations

Branches:
Dungeon (6/15)             Temple (1/1) D:5           Sewer (visited)

Altars:
Elyvilon
Fedhas
Gozag
Hepliaklqana
Kikubaaqudgha
Makhleb
Nemelex Xobeh
Qazlal
Ru
Sif Muna
Trog
Uskayaw
Vehumet
Wu Jian
Yredelemnul
Zin
The Shining One

Annotations:
D:6 Maggie


Innate Abilities, Weirdness & Mutations

You thrive by killing the living.
You are immune to poison.
You have sharp fingernails.
Your flesh is cold resistant. (rC+)
You are immune to negative energy. (rN+++)
You do not regenerate when monsters are visible.
You are immune to unholy pain and torment.
You can survive without breathing.


Message History

Maggie is moderately wounded.
Maggie zaps a wand.
You resist with some effort.
Maggie struggles against the net.
Your plate armour prevents you from hitting Maggie.
Maggie is moderately wounded.
You catch the helpless Maggie completely off-guard!
You claw Maggie!
Maggie is heavily wounded.
Maggie struggles against the net.
The net rips apart, and Maggie comes free!
You closely miss Maggie.
Maggie is heavily wounded.
You scratch Maggie.
Maggie is heavily wounded.
Maggie gestures at you while chanting. The bolt of fire hits you.
* * * LOW HITPOINT WARNING * * *
You barely miss Maggie.
Maggie is heavily wounded.
Maggie hits you with the +9 lance "Wyrmbane" {slay drac, rPois rF+ rC+ AC+3}.
* * * LOW HITPOINT WARNING * * *
You closely miss Maggie.
Maggie is heavily wounded.
Maggie hits you with the +9 lance "Wyrmbane" {slay drac, rPois rF+ rC+ AC+3}.
* * * LOW HITPOINT WARNING * * *
You barely miss Maggie. Your claw misses Maggie.
Maggie is heavily wounded.
Maggie barely misses you.
You claw Maggie!
Maggie is severely wounded.
You barely miss Maggie.
Maggie is severely wounded.
Maggie hits you with the +9 lance "Wyrmbane" {slay drac, rPois rF+ rC+ AC+3}.
* * * LOW HITPOINT WARNING * * *
You closely miss Maggie.
Maggie is severely wounded.
Maggie practices a pose.
Maggie gestures at you while chanting. The bolt of fire hits you!
You die...

...⌠.⌠.. ..8.8.8
......# ## #.....#
..#####....###
.............##
.......@.......
#.......@.?.....
#.........#.....
#...............
##...............
#................
##......).........
#....#............
...#..<..........
#......†.......


You could see Maggie (mesmerising).

Vanquished Creatures
  Purgy (Sewer)
  2 ogres
  A phantom (D:4)
  A scorpion (D:4)
  A howler monkey (D:5)
  A bullfrog skeleton (D:5)
  An orc priest (D:3)
  An iguana (D:5)
  Natasha (thrice) (D:4)
  2 orc wizards
  4 worker ants
  2 worker ant zombies (D:5)
  3 gnolls (D:4)
  6 adders
  2 river rats (D:3)
  An ooze (D:2)
  An adder skeleton (D:2)
  5 worms
  4 dart slugs
  2 leopard geckos (D:4)
  11 orcs
  9 bats
  7 giant cockroaches
  3 goblins
  7 hobgoblins
  6 jackals
  2 quokkas
  5 ball pythons
  6 frilled lizards
  A giant cockroach zombie (D:5)
  14 kobolds
  9 rats
124 creatures vanquished.

Vanquished Creatures (others)
  4 plants (D:4)
4 creatures vanquished.

Grand Total: 128 creatures vanquished

Notes
Turn   | Place    | Note
-------+----------+-------------------------------------------
     0 | D:1      | HoaS the Ghoul Gladiator began the quest for the Orb.
     0 | D:1      | Reached XP level 1. HP: 17/17 MP: 0/0
   108 | D:1      | Reached XP level 2. HP: 19/24 MP: 1/1
   115 | D:1      | Reached skill level 4 in Unarmed Combat
   674 | D:2      | Reached XP level 3. HP: 8/29 MP: 2/2
  1072 | D:2      | Reached skill level 5 in Unarmed Combat
  1175 | D:2      | Reached XP level 4. HP: 36/36 MP: 3/3
  1247 | D:2      | Found a faded altar of an unknown god.
  1746 | D:3      | Reached skill level 6 in Unarmed Combat
  1764 | D:3      | Reached XP level 5. HP: 38/41 MP: 4/4
  1869 | D:3      | Found a glowing drain.
  1876 | Sewer    | Entered a sewer
  1917 | Sewer    | Noticed Purgy
  1932 | Sewer    | Killed Purgy
  1933 | Sewer    | Reached skill level 7 in Unarmed Combat
  1933 | Sewer    | Reached XP level 6. HP: 43/48 MP: 5/5
  2444 | D:4      | Reached skill level 8 in Unarmed Combat
  2483 | D:4      | Noticed Natasha
  2488 | D:4      | Killed Natasha
  2489 | D:4      | Reached XP level 7. HP: 55/55 MP: 6/6
  2639 | D:4      | Reached skill level 9 in Unarmed Combat
  2819 | D:4      | Noticed Natasha
  2832 | D:4      | Killed Natasha
  3058 | D:4      | Noticed Natasha
  3063 | D:4      | Killed Natasha
  3127 | D:4      | Found a sacrificial altar of Ru.
  3331 | D:5      | Entered Level 5 of the Dungeon
  3885 | D:5      | Reached skill level 10 in Unarmed Combat
  3894 | D:5      | Reached XP level 8. HP: 61/61 MP: 7/7
  4147 | D:5      | Reached skill level 1 in Armour
  4258 | D:5      | Found a staircase to the Ecumenical Temple.
  4381 | Temple   | Entered the Ecumenical Temple
  4734 | D:6      | Noticed Maggie
  4734 | D:6      | Paralysed by Maggie for 7 turns
  4760 | D:6      | Killed from afar by Maggie

Illustrated notes

Levels and vault maps discovered:
D:1:      eino_arrival_water_star, layout_rooms
D:2:      layout_loops_ring, chequers_ecumenical_altar_lobes, grunt_ministairs_9
D:3:      layout_basic, lightli_sewer_entry_pipes, minmay_surrounded
D:4:      layout_rooms, nicolae_ru_path_of_blood, chequers_big_river,
          uniq_natasha
D:5:      layout_basic, minmay_temple_entry_poolview, grunt_ministairs_13,
          minmay_misc_feat_nine_boxes
D:6:      layout_layer_cave, okawaru_ov_weapons_minmay, kennysheep_little_box,
          serial_shops, nicolae_shop_waterfront, shop,
          nicolae_shop_temple_entry_statues_fountains, shop, uniq_maggie
Temple:   eino_temple_rhombus

Skill      XL: |  1  2  3  4  5  6  7  8 |
---------------+-------------------------+-----
Unarmed Combat | 4 5 6 7 8 10 | 10.1
Armour         | 1 |  1.0
Dodging        | 3 |  3.0
Fighting       | |  2.6
Bows           | |  0.9
Throwing       | |  1.7

Action                   |  1- 3 |  4- 6 |  7- 9 || total
-------------------------+-------+-------+-------++-------
Melee: Unarmed           |    86 |   203 |   128 ||   417
       Punch             |     3 |     3 |     3 ||     9
Throw: Throwing net      |       |     1 |     1 ||     2
  Use: Scroll            |     3 |     3 |     3 ||     9
       Potion            |       |       |     1 ||     1
 Stab: Held in net/web   |       |     1 |     2 ||     3
Armor: Leather armour    |    14 |    10 |       ||    24
       Chain mail        |       |   101 |    11 ||   112
       Plate armour      |       |       |    29 ||    29
Dodge: Dodged            |    48 |    87 |    32 ||   167

Table legend: (Time is in decaauts)
 A = Elapsed time spent in this place.
 B = Non-inter-level travel time spent in this place.
 C = Inter-level travel time spent in this place.
 D = Time resting spent in this place.
 E = Time spent auto-exploring this place.
 F = Levels seen in this place.
 G = Mean time per level.
                   A        B        C        D        E       F      G
               +--------+--------+--------+--------+--------+-----+--------+
         Total |   4767 |   4492 |    275 |    475 |   3069 |   8 |  595.9 |
       Dungeon |   4409 |   4154 |    255 |    475 |   2782 |   6 |  734.8 |
        Temple |    228 |    209 |     19 |      0 |    209 |   1 |  228.0 |
         Sewer |    128 |    128 |      0 |      0 |     78 |   1 |  128.0 |
               +--------+--------+--------+--------+--------+-----+--------+

Top non-repeatable levels by time:
     D:5: 1150 daAuts
     D:4: 959 daAuts
     D:2: 939 daAuts
     D:3: 703 daAuts
     D:1: 624 daAuts
  Temple: 228 daAuts
   Sewer: 128 daAuts
     D:6: 33 daAuts
